Zardoz, chaotic male elven Wizard -------------- ------------ |.)..........| ##............ |.....(......| # |..........| |.............# # |........... |............|# # ---|-.------ --------------# # ### # # #`# # # #### # # #f## # # #I# # # # # # ### #-------# # #|......# # #-.....| |.....| |..{..| |.....| ------- Zardoz the Evoker Experience level: 1 Strength: 13 Dexterity: 14 Constitution: 12 Intelligence: 18 Wisdom: 8 Charisma: 9 Health: 0(11) Energy: 7(7) Def: 2 Gold: 364 Moves: 1532 Dungeon seed: YD66NFcE_Pvwes4L Game ID: Zardoz_1555248473 Your Inventory: Coins $ - 364 gold pieces Weapons a - a blessed +1 quarterstaff q - 2 +0 orcish daggers (wielded) Armor e - an uncursed +0 cloak of magic resistance (being worn) r - an uncursed +0 orcish helm (being worn) y - an uncursed +0 orcish helm Scrolls h - an uncursed scroll of enchant armor i - an uncursed scroll of charging j - an uncursed scroll of remove curse s - a cursed scroll of enchant weapon Spellbooks k - a blessed spellbook of force bolt l - an uncursed spellbook of extra healing u - a cursed spellbook of detect unseen Potions f - an uncursed potion of gain energy g - 2 uncursed potions of speed x - an uncursed potion of restore ability Rings c - an uncursed +1 ring of adornment d - an uncursed ring of polymorph control v - an uncursed ring of stealth w - an uncursed ring of cold resistance Wands b - a wand of magic missile (0:7) Tools m - an uncursed wooden harp t - an uncursed skeleton key Gems n - an uncursed worthless piece of blue glass Spells and supernatural/magical abilities: Name Level Category Fail Memory a - force bolt 1 attack 0% 93% x - extra healing 3 healing 97% 93% W - pray for help -- divine ? -- Your skills at the end: Fighting Skills Weapon Skills quarterstaff [Basic] Spellcasting Skills attack spells [Basic] enchantment spells [Basic] Final Attributes: You were fervently aligned. You were magic-protected. You had infravision. You were unlucky. Anhur was angry with you. You are dead. Vanquished creatures: a giant rat 2 jackals a kobold 5 goblins 2 sewer rats 7 grid bugs 5 lichens 8 newts 31 creatures vanquished. Voluntary challenges: You were vegetarian. You used a wielded weapon 7 times, starting on turn 346. You read items or engraved 5 times, starting on turn 134. You never genocided any monsters. You never polymorphed an object. You never changed form. You used no wishes. You never split a pudding. You wrote Elbereth's name 5 times, starting on turn 134. You never violated your personal moral code. Dungeon overview: The Dungeons of Doom: levels 1 to 3 Level 1 an altar to Anhur a long staircase Level 2 a jewelry store, a fountain, a sink Level 3 <- You were here a fountain History has recorded: On T:1 you entered the Dungeons of Doom to retrieve the Amulet of Yendor! On T:713 you reached level 2 of The Dungeons of Doom. On T:944 you reached level 3 of The Dungeons of Doom. Score breakdown: Gold: 364 ( 8716 points) Experience: 1 level ( 0 points) Exploration: 3 levels ( 6.12%) ( 6123 points) Discoveries: 0 items ( 0.00%) ( 0 points) Valuables value: (no points given unless you survive) Artifact value: 0 ( 0 points) Variety of kills: 8 monsters ( 2.10%) ( 4347 points) Turncount: 1532 turns ( 0 points) Survival: died (score multiplied by 80%) Total score: 15348 Latest messages: Wizard needs food, badly! You feel too weak from hunger to explore. You begin praying to Anhur. You feel that Anhur is displeased. You hear a door open. You don't have anything to eat. You hit the giant rat. The giant rat bites! You miss the giant rat. The housecat misses the giant rat. The giant rat misses. You miss the giant rat. The housecat misses the giant rat. The giant rat bites! (2x) You miss the giant rat. The housecat misses the giant rat. The giant rat bites! (2x) The housecat bites the giant rat. The giant rat misses the housecat. You hear some noises. The giant rat is killed! You faint from lack of food. It bites! (2x) You die... Final status: Goodbye Zardoz the Wizard, killed by a giant rat, while fainted from lack of food... You died in The Dungeons of Doom on dungeon level 3 with 15348 points, and 364 pieces of gold, after 1532 moves. You were level 1 with a maximum of 11 hit points when you died.